 Dungeon Crawl Stone Soup version 0.23.2-40-g277498a001 (webtiles) character file.

Game seed: 17761763780936750970

1745 FishyPogo the Grasshopper (level 9, 0/69 HPs)
             Began as a Gnoll Warper on Oct 17, 2019.
             Was a Priest of Nemelex Xobeh.
             Shot with a sling bullet by Joseph (7 damage)
             ... on level 7 of the Dungeon on Oct 18, 2019.
             The game lasted 00:29:09 (7552 turns).

FishyPogo the Grasshopper (Gnoll Warper)            Turns: 7552, Time: 00:29:09

Health: 0/69       AC: 11    Str: 13    XL:     9   Next: 6%
Magic:  12/16      EV: 15    Int: 17    God:    Nemelex Xobeh [***...]
Gold:   273        SH:  0    Dex: 17    Spells: 9/20 levels left

rFire    + . .     SeeInvis .   s - +4 short sword
rCold    . . .     Gourm    .   (no shield)
rNeg     + . .     Faith    .   b - +0 leather armour
rPois    .         Spirit   .   (helmet restricted)
rElec    .         Reflect  .   H - +0 cloak
rCorr    .         Harm     .   t - +2 pair of gloves "Wutzura" {+Fly}
MR       .....     Rnd*Rage +   j - +0 pair of boots
Stlth    +++.......             (no amulet)
HPRegen  0.21/turn              l - ring of positive energy
MPRegen  0.15/turn              B - +2 ring of protection

@: no status effects
A: distributed training, fangs 1, horns 1, camouflage 1, berserk 1, fire
resistance 1, low mp 1, evolution 1, strong nose
a: Draw Escape, Draw Destruction, Draw Summoning, Triple Draw, Renounce
Religion, Evoke Flight


You were on level 7 of the Dungeon.
You worshipped Nemelex Xobeh.
Nemelex Xobeh was most pleased with you.
You were not hungry.

You visited 1 branch of the dungeon, and saw 7 of its levels.
You also visited: Ossuary.

You collected 273 gold pieces.

Inventory:

Hand Weapons
 a - a +0 spear
 s - a +4 short sword (weapon)
Missiles
 e - 5 tomahawks of dispersal
 i - 160 stones (quivered)
 n - 6 tomahawks
 u - a throwing net
Armour
 b - a +0 leather armour (worn)
 j - a +0 pair of boots (worn)
 t - the +2 pair of gloves "Wutzura" (worn) {+Fly}
   (You found it on level 4 of the Dungeon)

   It lets you fly.
 H - a +0 cloak (worn)
Jewellery
 l - a ring of positive energy (left hand)
 B - a +2 ring of protection (right hand)
Wands
 q - a wand of iceblast (8)
Scrolls
 c - 2 scrolls of noise {unknown}
 d - 3 scrolls of blinking
 h - 3 scrolls of amnesia
 k - 8 scrolls of identify
 m - 11 scrolls of remove curse
 v - a scroll of immolation {unknown}
 x - 4 scrolls of enchant weapon {unknown}
 y - 2 scrolls of enchant armour {unknown}
 z - a scroll of fog
 D - a scroll of vulnerability {unknown}
Potions
 o - a potion of curing {unknown}
 p - a potion of might {unknown}
 w - a potion of heal wounds
 A - 2 potions of mutation
 C - a potion of lignification {unknown}
 E - a potion of resistance
 F - a potion of agility
 G - a potion of berserk rage {unknown}
Comestibles
 f - 10 rations
 r - 2 chunks of flesh


   Skills:
 + Level 6.0 Fighting
 + Level 3.7 Short Blades
 + Level 3.7 Long Blades
 + Level 3.7 Axes
 + Level 3.7 Maces & Flails
 + Level 6.0 Polearms
 + Level 3.7 Staves
 + Level 3.7 Slings
 + Level 3.7 Bows
 + Level 3.7 Crossbows
 + Level 4.6 Throwing
 + Level 4.6 Armour
 + Level 6.0 Dodging
 + Level 3.7 Stealth
 + Level 3.7 Shields
 + Level 3.7 Unarmed Combat
 + Level 6.3 Spellcasting
 + Level 3.1 Conjurations
 + Level 3.1 Hexes
 + Level 3.1 Charms
 + Level 3.1 Summonings
 + Level 3.1 Necromancy
 + Level 6.3 Translocations
 + Level 3.1 Transmutations
 + Level 3.1 Fire Magic
 + Level 3.1 Ice Magic
 + Level 3.1 Air Magic
 + Level 3.1 Earth Magic
 + Level 3.1 Poison Magic
 + Level 4.1 Invocations
 + Level 3.7 Evocations


You had 9 spell levels left.
You knew the following spells:

 Your Spells              Type           Power        Failure   Level  Hunger
b - Teleport Other        Tloc           ####....     3%          3    ##.....
c - Shroud of Golubria    Chrm/Tloc      ###.......   3%          2    None
e - Passage of Golubria   Tloc           N/A          11%         4    ####...
f - Blink                 Tloc           N/A          1%          2    None

Your spell library contained the following spells:

 Spells                   Type           Power        Failure   Level  Hunger
 Gell's Gravitas          Tloc           ####......   3%          3    ##.....
 Lesser Beckoning         Tloc           ####......   3%          3    ##.....


Dungeon Overview and Level Annotations

Branches:
Dungeon (7/15)             Temple (0/1) D:4

Altars:
Kikubaaqudgha
Makhleb
Nemelex Xobeh
Okawaru
Ru
Yredelemnul

Annotations:
D:7 Joseph


Innate Abilities, Weirdness & Mutations

Your experience applies equally to all skills.
You have very sharp teeth.
Your uncanny sense of smell can sniff out nearby items.
You have a pair of small horns on your head.
Your skin changes colour to match your surroundings (Stealth+).
You tend to lose your temper in combat.
Your flesh is heat resistant. (rF+)
Your magical capacity is low. (-10% MP)
You evolve.


Message History

Unknown command.
You hit the ogre. You headbutt the ogre.
The ogre is almost dead.
Joseph shoots a sling bullet.
The sling bullet hits you!
You hit the ogre.
You kill the ogre!
Your Fighting skill increases to level 6!
Your Polearms skill increases to level 6!
Your Dodging skill increases to level 6!
Joseph shoots a sling bullet.
The sling bullet hits you!!
* * * LOW HITPOINT WARNING * * *
Okay, then.
Casting: Blink (safe; 1% risk of failure)
Confirm with . or Enter, or press ? or * to list all spells.
You blink.
Joseph shoots a sling bullet.
The sling bullet closely misses you.
Casting: Blink (safe; 1% risk of failure)
Confirm with . or Enter, or press ? or * to list all spells.
You blink.
Joseph shoots a sling bullet.
The sling bullet hits you!
You die...
Your body glows slightly and disappears.

............,,,,,* ##[## *,,***
.................# ##.# *,,,,,
.................# #.## *..,,,
.................# ##.# *...*,
........(........# #.## #...##
.........((......# ##.## #.....
...........(.....# #.PP## #...#.
............o....# #.PPP# #...#.
................@# #....# #.>.#.
..............@..###....####.....
.................................
.................§...............
......................#..........
###'###..............(#..........
.##.##...<............#..........
..###...............)§#..........
...#..#################..........


You could see Joseph and an orc.

Vanquished Creatures
  Menkaure (Ossuary)
  2 orc warriors
  An ice beast (D:6)
  An ogre (D:7)
  2 bullfrogs
  A gnoll sergeant (D:5)
  2 scorpions
  3 crimson imps
  Crazy Yiuf (D:7)
  A centaur zombie (D:5)
  2 hounds (D:3)
  A jelly (D:5)
  3 orc priests
  4 orc wizards
  An iguana (D:4)
  Natasha (D:2)
  A worker ant (D:5)
  4 mummies
  10 gnolls
  4 adders
  A shadow imp (D:6)
  An adder zombie (D:6)
  5 worms
  2 dart slugs
  4 leopard geckos
  9 orcs
  5 giant cockroaches
  4 gnoll zombies (Ossuary)
  4 hobgoblins
  2 jackals (D:4)
  10 kobolds
  5 quokkas
  A ball python (D:4)
  5 bats
  5 frilled lizards
  2 gnoll skeletons (Ossuary)
  9 goblins
  7 goblin skeletons (Ossuary)
  4 goblin zombies (Ossuary)
  4 hobgoblin skeletons (Ossuary)
  6 hobgoblin zombies (Ossuary)
  A kobold skeleton (Ossuary)
  2 kobold zombies (Ossuary)
  7 orc skeletons (Ossuary)
  8 orc zombies
  3 rats
  3 rat skeletons (Ossuary)
  2 rat zombies (Ossuary)
  A fungus (D:7)
  2 plants (D:4)
170 creatures vanquished.

Vanquished Creatures (collateral kills)
  A scorpion (D:4)
  A hound (D:4)
  Ijyb (D:2)
  A worker ant (D:4)
  3 adders
  4 orcs (D:4)
  A giant cockroach (D:4)
  2 jackals (D:4)
  8 goblins (D:2)
  A rat (D:2)
23 creatures vanquished.

Vanquished Creatures (others)
  An orc wizard (D:5)
  A goblin skeleton (Ossuary)
2 creatures vanquished.

Grand Total: 195 creatures vanquished

Notes
Turn   | Place    | Note
-------+----------+-------------------------------------------
     0 | D:1      | FishyPogo the Gnoll Warper began the quest for the Orb.
     0 | D:1      | Reached XP level 1. HP: 20/20 MP: 6/6
   194 | D:1      | Reached XP level 2. HP: 17/26 MP: 7/7
   454 | D:2      | Found a sparkling altar of Nemelex Xobeh.
   467 | D:2      | Became a worshipper of Nemelex Xobeh the Trickster
   876 | D:2      | Reached XP level 3. HP: 20/31 MP: 9/9
   978 | D:2      | Found a basalt altar of Yredelemnul.
  1005 | D:2      | Reached skill level 5 in Spellcasting
  1038 | D:2      | Learned a level 2 spell: Blink
  1109 | D:2      | Received a gift from Nemelex Xobeh
  1216 | D:2      | Noticed Natasha
  1239 | D:2      | Killed Natasha
  1239 | D:2      | Reached skill level 1 in Short Blades
  1239 | D:2      | Reached skill level 1 in Long Blades
  1239 | D:2      | Reached skill level 1 in Axes
  1239 | D:2      | Reached skill level 1 in Maces & Flails
  1239 | D:2      | Reached skill level 1 in Staves
  1239 | D:2      | Reached skill level 1 in Slings
  1239 | D:2      | Reached skill level 1 in Bows
  1239 | D:2      | Reached skill level 1 in Crossbows
  1239 | D:2      | Reached skill level 1 in Stealth
  1239 | D:2      | Reached skill level 1 in Shields
  1239 | D:2      | Reached skill level 1 in Unarmed Combat
  1239 | D:2      | Reached skill level 1 in Invocations
  1239 | D:2      | Reached skill level 1 in Evocations
  1239 | D:2      | Reached XP level 4. HP: 4/38 MP: 11/11
  1249 | D:2      | Noticed Natasha
  1251 | D:2      | Noticed Natasha
  1251 | D:2      | Natasha changed into Natasha the gnoll
  1253 | D:2      | Killed Natasha the gnoll
  1538 | D:2      | Found an ancient bone altar of Kikubaaqudgha.
  1666 | D:2      | Noticed Ijyb
  1669 | D:2      | Reached * piety under Nemelex Xobeh
  1675 | D:2      | Killed Ijyb
  1675 | D:2      | Reached skill level 1 in Conjurations
  1675 | D:2      | Reached skill level 1 in Hexes
  1675 | D:2      | Reached skill level 1 in Charms
  1675 | D:2      | Reached skill level 1 in Summonings
  1675 | D:2      | Reached skill level 1 in Necromancy
  1675 | D:2      | Reached skill level 1 in Transmutations
  1675 | D:2      | Reached skill level 1 in Fire Magic
  1675 | D:2      | Reached skill level 1 in Ice Magic
  1675 | D:2      | Reached skill level 1 in Air Magic
  1675 | D:2      | Reached skill level 1 in Earth Magic
  1675 | D:2      | Reached skill level 1 in Poison Magic
  1687 | D:2      | Found an iron altar of Okawaru.
  2156 | D:3      | Reached XP level 5. HP: 14/43 MP: 12/12
  2255 | D:3      | Learned a level 4 spell: Passage of Golubria
  2490 | D:3      | Received a gift from Nemelex Xobeh
  2593 | D:3      | You fall through a shaft for 3 floors!
  2638 | D:6      | Reached XP level 6. HP: 31/50 MP: 13/13
  2643 | D:6      | Learned a level 3 spell: Teleport Other
  2652 | D:5      | Entered Level 5 of the Dungeon
  2948 | D:3      | Noticed an orc warrior
  2970 | D:3      | Learned a level 2 spell: Shroud of Golubria
  3042 | D:3      | Gained mutation: Your magical capacity is low. (-10% MP)
                  | [potion of mutation]
  3042 | D:3      | Gained mutation: You evolve. [potion of mutation]
  3042 | D:3      | Gained mutation: You tend to lose your temper in combat.
                  | [potion of mutation]
  3042 | D:3      | Gained mutation: You have a pair of small horns on your
                  | head. [potion of mutation]
  3046 | D:3      | HP: 2/50 [worm (8)]
  3326 | D:3      | Reached skill level 5 in Fighting
  3326 | D:3      | Reached skill level 5 in Polearms
  3326 | D:3      | Reached skill level 5 in Dodging
  3683 | D:3      | Reached ** piety under Nemelex Xobeh
  3722 | D:3      | Found a faded altar of an unknown god.
  3823 | D:3      | Found a faded altar of an unknown god.
  4101 | D:3      | Gained mutation: Your flesh is heat resistant. (rF+)
                  | [evolution]
  4277 | D:4      | Received a gift from Nemelex Xobeh
  4431 | D:4      | Found a sacrificial altar of Ru.
  4432 | D:4      | Found a burning altar of Makhleb.
  4530 | D:4      | Found a staircase to the Ecumenical Temple.
  4575 | D:4      | Got a pair of twisted gloves
  4586 | D:4      | Identified the +2 pair of gloves "Wutzura" {+Fly} (You
                  | found it on level 4 of the Dungeon)
  4631 | D:4      | Reached XP level 7. HP: 36/56 MP: 13/13
  5357 | D:5      | Reached XP level 8. HP: 13/63 MP: 15/15
  5987 | D:6      | Received a gift from Nemelex Xobeh
  6572 | D:6      | Gained mutation: Your skin changes colour to match your
                  | surroundings (Stealth+). [evolution]
  6931 | D:7      | Reached *** piety under Nemelex Xobeh
  6935 | D:7      | Found a sand-covered staircase.
  6947 | Ossuary  | Entered an ossuary
  7074 | Ossuary  | Received a gift from Nemelex Xobeh
  7218 | Ossuary  | Noticed Menkaure
  7223 | Ossuary  | Killed Menkaure
  7325 | D:7      | Noticed a hippogriff
  7347 | D:7      | Found a runed translucent door.
  7348 | D:7      | Noticed Crazy Yiuf
  7493 | D:7      | Killed Crazy Yiuf
  7493 | D:7      | Reached XP level 9. HP: 65/69 MP: 16/16
  7539 | D:7      | Noticed Joseph
  7552 | D:7      | Shot with a sling bullet by Joseph

Skill      XL: |  1  2  3  4  5  6  7  8  9 |
---------------+----------------------------+-----
Spellcasting   | 5 6 |  6.3
Short Blades   | 1 2 3 |  3.7
Long Blades    | 1 2 3 |  3.7
Axes           | 1 2 3 |  3.7
Maces & Flails | 1 2 3 |  3.7
Staves         | 1 2 3 |  3.7
Slings         | 1 2 3 |  3.7
Bows           | 1 2 3 |  3.7
Crossbows      | 1 2 3 |  3.7
Stealth        | 1 2 3 |  3.7
Shields        | 1 2 3 |  3.7
Unarmed Combat | 1 2 3 |  3.7
Invocations    | 1 2 3 4 |  4.1
Evocations     | 1 2 3 |  3.7
Conjurations   | 1 2 3 |  3.1
Hexes          | 1 2 3 |  3.1
Charms         | 1 2 3 |  3.1
Summonings     | 1 2 3 |  3.1
Necromancy     | 1 2 3 |  3.1
Transmutations | 1 2 3 |  3.1
Fire Magic     | 1 2 3 |  3.1
Ice Magic      | 1 2 3 |  3.1
Air Magic      | 1 2 3 |  3.1
Earth Magic    | 1 2 3 |  3.1
Poison Magic   | 1 2 3 |  3.1
Throwing       | 3 4 |  4.6
Armour         | 3 4 |  4.6
Fighting       | 5 6 |  6.0
Polearms       | 5 6 |  6.0
Dodging        | 5 6 |  6.0
Translocations | 6 |  6.3

Action                   |  1- 3 |  4- 6 |  7- 9 || total
-------------------------+-------+-------+-------++-------
Melee: Spear             |   138 |   277 |       ||   415
       Bite              |     6 |    27 |    58 ||    91
       Punch             |     1 |     1 |     5 ||     7
       Headbutt          |       |    14 |    91 ||   105
       Short sword       |       |    10 |   397 ||   407
Throw: Stone             |       |     5 |    27 ||    32
 Cast: Blink             |     2 |     2 |     3 ||     7
       Passage of Golubr |       |     2 |       ||     2
       Teleport Other    |       |     4 |       ||     4
       Shroud of Golubri |       |     2 |       ||     2
 Abil: Draw Summoning    |     1 |     3 |     1 ||     5
       Draw Destruction  |       |     6 |     3 ||     9
       Evoke Flight      |       |     1 |     1 ||     2
       Draw Escape       |       |     1 |       ||     1
  Use: Potion            |     1 |     5 |     1 ||     7
       Scroll            |       |     7 |     3 ||    10
 Stab: Sleeping          |       |     6 |     1 ||     7
       Distracted        |       |     1 |       ||     1
  Eat: Chunk             |     1 |    12 |     7 ||    20
       Ration            |       |       |     1 ||     1
Armor: Leather armour    |    22 |    39 |    68 ||   129
Dodge: Dodged            |    82 |   158 |   230 ||   470
